 Dungeon Crawl Stone Soup version 0.30-a0-782-ge64f9170bb (webtiles) character file.

Game seed: 1472779013004181587

3493 vineage the Fighter (level 10, 0/68 HPs)
             Began as a Gargoyle Fighter on Mar 2, 2023.
             Was a Believer of Okawaru.
             Slain by an orc
             ... wielding a +0 trident
              (3 damage)
             ... on level 7 of the Dungeon.
             The game lasted 00:07:32 (6454 turns).

vineage the Fighter (Gargoyle Fighter)              Turns: 6454, Time: 00:07:32

Health: 0/68       AC: 22    Str: 28    XL:     10   Next: 7%
Magic:  10/10      EV:  8    Int:  9    God:    Okawaru [**....]
Gold:   808        SH:  0    Dex: 11    Spells: 9/9 levels left

rFire   . . .      SeeInvis .    i - +1 mace (heavy)
rCold   + . .      Faith    .    c - +0 buckler
rNeg    + . .      Spirit   .    v - +0 chain mail
rPois   ∞          Reflect  .    s - +0 hat
rElec   +          Harm     .    B - +0 cloak
rCorr   .          Rampage  +    w - +0 pair of gloves
Will    .....                    u - +1 pair of boots {rampage} Stlth
                                 (no amulet)
HPRegen 0.31/turn                f - +6 ring of strength
MPRegen 0.12/turn                l - ring of protection from cold

@: confused
A: sickness immunity, AC +7, negative energy resistance 1, electricity
resistance, torment resistance 1, petrification resistance
a: Renounce Religion, Heroism


You were on level 7 of the Dungeon.
You worshipped Okawaru.
Okawaru was pleased with you.
You visited 2 branches of the dungeon, and saw 8 of its levels.

You collected 808 gold pieces.

Inventory:

Hand Weapons
 a - a +0 flail
 i - a +1 heavy mace (weapon)
Missiles
 x - 3 throwing nets (quivered)
Armour
 c - a +0 buckler (worn)
 s - a +0 hat (worn)
 u - a +1 pair of boots of rampaging (worn)
 v - a +0 chain mail (worn)
 w - a +0 pair of gloves (worn)
 B - a +0 cloak (worn)
Jewellery
 f - a +6 ring of strength (left hand)
 l - a ring of protection from cold (right hand)
 n - a ring of flight
Wands
 z - a wand of polymorph (3)
Scrolls
 q - a scroll of magic mapping
 t - a scroll of teleportation
 y - a scroll of fog
 A - a scroll of identify
Potions
 b - a potion of haste {unknown}
 d - a potion of might
 g - 2 potions of brilliance {unknown}
 h - a potion of attraction {unknown}
 j - 2 potions of flight
 k - a potion of ambrosia {unknown}
 m - 2 potions of mutation {unknown}
 o - a potion of resistance {unknown}
 p - a potion of cancellation {unknown}
 r - 2 potions of heal wounds


   Skills:
 * Level 10.9 Fighting
 + Level 6.2 Maces & Flails
 + Level 7.3 Armour
 + Level 7.4 Shields


You had 9 spell levels left.
You didn't know any spells.
Your spell library contained the following spells:

 Spells                   Type           Power      Damage    Failure   Level
 Frozen Ramparts          Ice            0%         1d1       100%        3
 Gell's Gravitas          Tloc           0%         N/A       100%        3
 Ozocubu's Armour         Ice            0%         N/A       100%        3
 Teleport Other           Tloc           0%         N/A       100%        3
 Ice Form                 Ice/Tmut       0%         N/A       100%        4
 Passage of Golubria      Tloc           0%         N/A       100%        4
 Metabolic Englaciation   Hex/Ice        0%         N/A       100%        5
 Yara's Violent Unravell  Hex/Tmut       0%         3d3       100%        5
 Dispersal                Tloc           0%         N/A       100%        6
 Tukima's Dance           Hex            Unusable   N/A       N/A         3
 Summon Ice Beast         Ice/Summ       Unusable   N/A       N/A         4
 Simulacrum               Ice/Necr       Unusable   N/A       N/A         6

Dungeon Overview and Level Annotations

Branches:
Dungeon (7/15)             Temple (1/1) D:6

Altars:
Ashenzari
Cheibriados
Dithmenos
Fedhas
Gozag
Hepliaklqana
Nemelex Xobeh
Okawaru
Ru
Sif Muna
Trog
Uskayaw
Vehumet
Wu Jian
Xom
Yredelemnul
Zin
The Shining One

Shops:
D:2 !


Innate Abilities, Weirdness & Mutations

You are immune to sickness and miasma.
Your stone body is resilient. (AC +7)
You are immune to poison.
You resist negative energy. (rN+)
You are resistant to electric shocks. (rElec)
You are resistant to unholy torment.
You are immune to petrification.


Message History

You barely miss something. You block the orc's attack.
The wight barely misses you.
You hear some strange, mumbled words.
A magic dart appears from out of thin air!
The magic dart hits you but does no damage.
The wight barely misses you. The orc hits you but does no damage.
Something hits you!
* * * LOW HITPOINT WARNING * * *
It was a potion of heal wounds.
You feel much better. The wight barely misses you.
You hear some strange, mumbled words.
Something tries to affect you, but you resist.
The orc closely misses you.
You miss something. The orc closely misses you. The wight barely misses you.
Something hits you but does no damage.
You hit something. The orc barely misses you. The wight barely misses you.
You hear some strange, mumbled words.
You are confused.
The wight hits you with a +1 great sword.
The orc hits you with a +0 trident.
* * * LOW HITPOINT WARNING * * *
Something hits you but does no damage.
You bump into the rock wall.
The wight barely misses you.
You hear some strange, mumbled words.
Something tries to affect you, but you resist.
The orc hits you with a +0 trident!
* * * LOW HITPOINT WARNING * * *
The wight attacks as you move away! The wight completely misses you.
The orc closely misses you.
The wight hits you with a +1 great sword!
* * * LOW HITPOINT WARNING * * *
Something hits you but does no damage. The orc hits you but does no damage.
There is a stone staircase leading down here.
You see here a +0 war axe.
You closely miss the wight.
The wight is moderately damaged.
The orc hits you but does no damage. The wight hits you but does no damage.
Something hits you but does no damage. The wight hits you but does no damage.
The orc hits you with a +0 trident.
You die...

#..........#<..............)...
#..............................
#................#.##....#.....
#####..............†.............
#.....#.............###..........
#...................##...........
#.....##.#.#####)#..#......[.....
#......#.#...###z#.......[......#
#........###....@o......#........
#....................).##........
####...####........)....#........
#...# ##.............#
#...###..........>.....
#........##............
#...##.##.....)##.##...
#...##.##.........##......
#...##.##...................≈


You could see a wight and an orc.

Vanquished Creatures
  Grinder (D:3)
  A wyvern (D:7)
  2 water moccasins
  A black bear (D:4)
  A sky beast (D:7)
  An orc warrior (D:7)
  2 ice beasts (D:6)
  3 centaurs
  A phantom (D:6)
  2 kobold brigands (D:6)
  5 scorpions
  4 bullfrogs
  2 necrophages (D:4)
  2 gnoll sergeants (D:6)
  3 wights
  4 jellies
  3 killer bees (D:7)
  4 hounds
  A gnoll bouda (D:6)
  7 orc priests
  2 iguanas
  3 orc wizards
  8 gnolls (D:6)
  9 adders
  A shadow imp (D:6)
  2 white imps (D:6)
  4 ufetubi
  A worm (D:3)
  5 dart slugs
  25 orcs
  10 ball pythons
  9 endoplasms
  6 giant cockroaches
  8 goblins
  5 hobgoblins
  18 jackals
  11 kobolds
  5 quokkas
  5 bats
  2 frilled lizards
  6 rats
195 creatures vanquished.

Vanquished Creatures (others)
  18 plants (D:6)
18 creatures vanquished.

Grand Total: 213 creatures vanquished

Notes
Turn   | Place    | Note
-------+----------+-------------------------------------------
     0 | D:1      | vineage the Gargoyle Fighter began the quest for the Orb.
     0 | D:1      | Reached XP level 1. HP: 14/14 MP: 1/1
    96 | D:1      | Reached XP level 2. HP: 20/20 MP: 2/2
   162 | D:1      | Reached skill level 4 in Fighting
   552 | D:1      | Reached XP level 3. HP: 23/24 MP: 3/3
  1072 | D:2      | Reached skill level 5 in Fighting
  1098 | D:2      | Found Roggytet's Distillery.
  1159 | D:2      | Reached XP level 4. HP: 27/31 MP: 4/4
  1680 | D:3      | Noticed Grinder
  1693 | D:3      | Killed Grinder
  1694 | D:3      | Reached skill level 6 in Fighting
  1694 | D:3      | Reached XP level 5. HP: 10/37 MP: 5/5
  1694 | D:3      | Reached XP level 6. HP: 11/42 MP: 6/6
  2012 | D:3      | Found a snail-covered altar of Cheibriados.
  2196 | D:4      | Found a radiant altar of Vehumet.
  2309 | D:4      | Identified the +1 leather armour of the Rose {rElec rN+
                  | Int+3 Slay-5}
  2362 | D:4      | Reached XP level 7. HP: 29/47 MP: 7/7
  2366 | D:4      | Reached skill level 7 in Fighting
  2841 | D:4      | Found a hazy altar of Hepliaklqana.
  3026 | D:5      | Entered Level 5 of the Dungeon
  3088 | D:5      | Reached skill level 5 in Shields
  3088 | D:5      | Reached XP level 8. HP: 54/54 MP: 8/8
  3091 | D:5      | Reached skill level 5 in Armour
  3229 | D:5      | Reached skill level 8 in Fighting
  3452 | D:5      | Found a shimmering blue altar of Sif Muna.
  3552 | D:5      | Found an opulent altar of Gozag.
  4444 | D:6      | Reached skill level 9 in Fighting
  4542 | D:6      | Reached XP level 9. HP: 60/60 MP: 9/9
  4664 | D:6      | Found a staircase to the Ecumenical Temple.
  4684 | Temple   | Entered the Ecumenical Temple
  4861 | Temple   | Became a worshipper of Warmaster Okawaru
  4903 | D:6      | Reached skill level 5 in Maces & Flails
  5260 | D:6      | Reached * piety under Okawaru
  5320 | D:6      | Reached skill level 10 in Fighting
  5491 | D:7      | Paralysed by a kobold for 3 turns
  5869 | D:7      | Found a shimmering altar of Xom.
  5903 | D:7      | HP: 1/63 [killer bee (6)]
  5912 | D:7      | HP: 1/63 [acid (5)]
  6314 | D:7      | Reached ** piety under Okawaru
  6334 | D:7      | Reached XP level 10. HP: 15/68 MP: 10/10
  6339 | D:7      | HP: 3/68 [orc warrior/+0 battleaxe (7)]
  6447 | D:7      | HP: 1/68 [something (7)]
  6453 | D:7      | HP: 2/68 [wight/+1 great sword (11)]
  6454 | D:7      | Slain by an orc

Illustrated notes

Levels and vault maps discovered:
D:1:      minmay_arrival_jagged, layout_loops_corners, minmay_tetromino_t4
D:2:      layout_rooms, serial_shops, shop
D:3:      layout_basic, kennysheep_slug_shrine, uniq_grinder
D:4:      layout_loops_ring, lemuel_crystal_altar, nzn_hepliaklqana_mist_gate,
          amcnicky_mini_corridor_feature
D:5:      layout_basic, nicolae_gozag_seed_capital, overflow_temple_1_default
D:6:      minmay_polygon_palace, layout_rooms, minmay_temple_entry_offerings,
          nicolae_grassy_gnolls
D:7:      layout_rooms, mainiacjoe_overflow_brackets
Temple:   minmay_temple_bridge_abc

Skill      XL: |  1  2  3  4  5  6  7  8  9 |
---------------+----------------------------+-----
Fighting       | 4 5 6 7 9 10 | 10.9
Shields        | 4 5 6 7 |  7.4
Armour         | 4 6 7 |  7.3
Maces & Flails | 3 4 6 |  6.2

Action                     |  1- 3 |  4- 6 |  7- 9 | 10-12 || total
---------------------------+-------+-------+-------+-------++-------
  Melee: Flail             |    17 |       |       |       ||    17
         Mace              |    67 |    80 |   346 |    30 ||   523
    Use: Scroll            |     3 |     5 |     8 |       ||    16
         Potion            |     2 |     1 |     5 |     2 ||    10
 Armour: Scale mail        |    65 |    42 |       |       ||   107
         Chain mail        |       |     9 |   523 |    42 ||   574
  Dodge: Dodged            |    68 |    40 |   337 |    37 ||   482
  Block: Buckler           |    18 |    23 |   176 |    15 ||   232

Table legend: (Time is in decaauts)
 A = Elapsed time spent in this place.
 B = Non-inter-level travel time spent in this place.
 C = Inter-level travel time spent in this place.
 D = Time resting spent in this place.
 E = Time spent auto-exploring this place.
 F = Levels seen in this place.
 G = Mean time per level.
                   A        B        C        D        E       F      G
               +--------+--------+--------+--------+--------+-----+--------+
         Total |   6891 |   6699 |    192 |   1058 |   3986 |   8 |  861.4 |
       Dungeon |   6693 |   6527 |    166 |   1058 |   3820 |   7 |  956.1 |
        Temple |    197 |    171 |     26 |      0 |    166 |   1 |  197.0 |
               +--------+--------+--------+--------+--------+-----+--------+

Top non-repeatable levels by time:
     D:6: 1329 daAuts
     D:5: 1284 daAuts
     D:1: 1035 daAuts
     D:4: 980 daAuts
     D:7: 874 daAuts
     D:3: 726 daAuts
     D:2: 464 daAuts
  Temple: 197 daAuts
